AoeStats
← yt536390

Arabian Desert

510074471Analyzed
1v1 RM · 4d ago on Sep 29, 2026· 27m 9s· 2 players
Game mode
Random Map
Map size
Tiny (2 player)
Population
200
Speed
Normal
Resources
Standard
Victory
Conquest
Starting age
Dark Age
Ending age
Imperial Age
RankedLock teamsTeams togetherTeam positionsShared explorationLock speedFull tech treeHidden civsTurbo modeCheats
Victory
Defeat
🇩🇪 Portuguese · Germany
1942
+11
🇨🇳 Vietnamese · China
1826
-11
unfold
5:59 Loom
8:46 Feudal Age
9:17 Double-Bit Axe
9:43 Town Watch
20:07 Fletching
21:24 Padded Archer Armor
24:00 Scale Mail Armor
yt536390
6:44 Loom
9:06 Feudal Age
9:52 Double-Bit Axe
10:32 Horse Collar
11:39 Town Watch
15:17 Forging
17:35 Gold Mining
19:53 Bloodlines
23:05 Scale Barding Armor
25:16 Wheelbarrow
Connection lost

Rejoining the realm…

Still unreachable

The connection could not be restored.

Session expired

The server has moved on; the page needs a fresh start.